 Dungeon Crawl Stone Soup version 0.22.0-18-ge075c0d (webtiles) character file.

527 Amnesiac the Shooter (level 7, -1/55 HPs)
             Began as a Mummy Hunter on Aug 18, 2018.
             Killed from afar by Dowan (10 damage)
             ... with a shard of ice
             ... on level 4 of the Dungeon.
             The game lasted 00:05:16 (4510 turns).

Amnesiac the Shooter (Mummy Hunter)                 Turns: 4510, Time: 00:05:17

Health: -1/55      AC:  7    Str: 18    XL:     7   Next: 2%
Magic:  7/7        EV: 10    Int: 10    God:
Gold:   116        SH:  0    Dex: 12    Spells: 6/6 levels left

rFire    x . .     SeeInvis .   b - +0 spear
rCold    + . .     Gourm    .   (no shield)
rNeg     + + +     Faith    .   m - +0 scale mail
rPois    ∞         Spirit   .   (no helmet)
rElec    .         Reflect  .   (no cloak)
rCorr    .         Harm     .   i - +0 pair of gloves
MR       .....                  (no boots)
Stlth    ..........             (no amulet)
HPRegen  0.18/turn              (no ring)
MPRegen  0.10/turn              (no ring)

@: no status effects
A: no food or potions, fire vulnerability, cold resistance 1, negative energy
resistance 3, torment resistance, unbreathing
a: no special abilities


You were on level 4 of the Dungeon.
You were not hungry.

You visited 1 branch of the dungeon, and saw 4 of its levels.

You collected 116 gold pieces.

Inventory:

Hand Weapons
 a - a +1 shortbow
 b - a +0 spear (weapon)
Armour
 i - a +0 pair of gloves (worn)
 m - a +0 scale mail (worn)
Wands
 k - a wand of iceblast (9)
Scrolls
 c - a scroll of random uselessness {!r, unknown}
 e - 2 scrolls of magic mapping {!r, unknown}
 g - a scroll of blinking {!r, unknown}
 h - 3 scrolls of teleportation {!r}
 j - a scroll of fog {!r}


   Skills:
 + Level 4.6 Fighting
 * Level 6.1 Bows
 - Level 1.5 Dodging
 - Level 0.7 Stealth


You had 6 spell levels left.
You didn't know any spells.
Your spell library was empty.

Dungeon Overview and Level Annotations

Branches:
Dungeon (4/15)
 Temple: D:4-7

Altars:
Nemelex Xobeh
Qazlal
Ru
Trog
Wu Jian

Shops:
D:4 %?[

Annotations:
D:4 Dowan


Innate Abilities, Weirdness & Mutations

You do not eat or drink.
Your flesh is vulnerable to fire.
You are immune to poison.
Your flesh is cold resistant. (rC+)
You are immune to negative energy. (rN+++)
You are immune to unholy pain and torment.
You can survive without breathing.


Message History

Press: ? - help, Shift-Dir - straight line, f/p - Duvessa
Aim: Duvessa, wielding a rapier and wearing a ring mail (almost dead)
Okay, then.
Firing (i - inventory) No suitable missiles.
Press: ? - help, Shift-Dir - straight line, f/p - Duvessa
Aim: Duvessa, wielding a rapier and wearing a ring mail (almost dead)
Okay, then.
b - a +0 spear (weapon)
Dowan casts a spell.
Dowan blinks!
You hit Duvessa but do no damage.
Duvessa is almost dead.
Duvessa completely misses you.
You hit Duvessa.
Duvessa is almost dead.
Duvessa hits you but does no damage.
You hit Duvessa.
Duvessa is almost dead.
Duvessa hits you but does no damage.
You closely miss Duvessa.
Duvessa is almost dead.
You closely miss Duvessa.
Duvessa is almost dead.
Duvessa hits you with a rapier.
Dowan says, "My weaknesses are her strengths!"
Dowan hits you but does no damage.
You hit Duvessa but do no damage.
Duvessa is almost dead.
Duvessa hits you with a rapier!
* * * LOW HITPOINT WARNING * * *
Dowan hits you but does no damage.
Evoke which item? (* to show all) (? for menu, Esc to quit)
Aiming: Iceblast
Press: ? - help, Shift-Dir - straight line, f/p - Duvessa
Aim: Duvessa, wielding a rapier and wearing a ring mail (almost dead) That beam is likely to hit you.
Continue anyway?
The mass of ice explodes!
The iceblast engulfs Duvessa.
You kill Duvessa!
Dowan seems overcome with grief, but rights himself reflexively soon after.
Dowan seems to find hidden reserves of power!
Your Bows skill increases to level 6!
You have reached level 7!
The iceblast engulfs Dowan.
Dowan partially resists.
Dowan is heavily wounded.
The iceblast engulfs you! You partially resist.
* * * LOW HITPOINT WARNING * * *
Dowan hits you but does no damage.
Evoke which item? (* to show all) (? for menu, Esc to quit)
That's the wrong kind of item! (Use * to select it.) Evoke which item? (* to show all) (? for menu, Esc to quit)
Okay, then.
Evoke which item? (* to show all) (? for menu, Esc to quit)
Aiming: Iceblast
Press: ? - help, Shift-Dir - straight line, f - Dowan
Aim: Dowan, wielding a dagger of pain and wearing a glowing robe (heavily wounded, fast) That beam is likely to hit you.
Continue anyway?
The mass of ice explodes!
The iceblast engulfs Dowan.
Dowan partially resists.
Dowan is almost dead.
The iceblast engulfs you! You partially resist.
* * * LOW HITPOINT WARNING * * *
Dowan barely misses you.
Dowan points at you and mumbles some strange words.
The shard of ice hits you! You partially resist.
You die...

####.e####.
........#
#......>#
###.......#
#(........#
#.#.......#
#(#........
#e##.......
#@)..######
######


You could see Dowan.

Vanquished Creatures
  Duvessa (D:4)
  Purgy (D:3)
  Blork the orc (D:4)
  A scorpion (D:4)
  A hound (D:4)
  A bullfrog skeleton (D:4)
  2 worker ants (D:4)
  4 adders
  An ooze (D:2)
  A worm (D:2)
  3 dart slugs
  A leopard gecko (D:1)
  4 orcs (D:4)
  5 bats
  5 giant cockroaches
  8 goblins
  9 hobgoblins
  2 jackals (D:3)
  A ball python (D:2)
  3 frilled lizards
  11 kobolds
  9 rats
75 creatures vanquished.

Notes
Turn   | Place    | Note
-------+----------+-------------------------------------------
     0 | D:1      | Amnesiac the Mummy Hunter began the quest for the Orb.
     0 | D:1      | Reached XP level 1. HP: 16/16 MP: 1/1
   399 | D:1      | Reached XP level 2. HP: 22/22 MP: 2/2
  1214 | D:1      | Reached XP level 3. HP: 28/28 MP: 3/3
  1723 | D:2      | Reached skill level 4 in Bows
  1885 | D:2      | Found a sparkling altar of Nemelex Xobeh.
  2483 | D:2      | Found a sacrificial altar of Ru.
  2583 | D:3      | Found a bloodstained altar of Trog.
  2591 | D:3      | Noticed Purgy
  2620 | D:3      | Reached XP level 4. HP: 31/34 MP: 4/4
  2630 | D:3      | Killed Purgy
  2630 | D:3      | Reached XP level 5. HP: 20/41 MP: 5/5
  3646 | D:4      | Reached skill level 5 in Bows
  3664 | D:4      | Reached XP level 6. HP: 27/48 MP: 6/6
  3747 | D:4      | Found Fusun's Antique Armour Shoppe.
  3753 | D:4      | Found Ylail's Magic Scroll Emporium.
  3773 | D:4      | Found Lotet's Food Boutique.
  3809 | D:4      | Found a stormy altar of Qazlal.
  4047 | D:4      | Noticed Blork the orc
  4054 | D:4      | Killed Blork the orc
  4068 | D:4      | Found an ornate altar of the Wu Jian Council.
  4118 | D:4      | Noticed Duvessa
  4120 | D:4      | Noticed Dowan
  4509 | D:4      | Killed Duvessa
  4509 | D:4      | Reached skill level 6 in Bows
  4509 | D:4      | Reached XP level 7. HP: 24/55 MP: 7/7
  4510 | D:4      | Killed from afar by Dowan

Skill      XL: |  1  2  3  4  5  6 |
---------------+-------------------+-----
Bows           | 4 5 6 |  6.1
Fighting       | 3 4 |  4.6
Dodging        | |  1.5
Stealth        | |  0.7

Action                   |  1- 3 |  4- 6 |  7- 9 || total
-------------------------+-------+-------+-------++-------
Melee: Short sword       |    72 |       |       ||    72
       Spear             |   113 |    72 |       ||   185
 Fire: Shortbow          |    26 |   107 |       ||   133
Evoke: Wand              |       |       |     2 ||     2
  Use: Scroll            |       |     2 |       ||     2
Armor: Leather armour    |     8 |       |       ||     8
       Ring mail         |    57 |    33 |       ||    90
       Scale mail        |       |    29 |     1 ||    30
Dodge: Dodged            |   128 |    85 |     1 ||   214
